 Dungeon Crawl Stone Soup version 0.16.2-12-gd0ad4c3 (webtiles) character file.

7638 tognito the Cleaver (level 10, -8/93 HPs)
             Began as a Minotaur Berserker on Sept 29, 2015.
             Was a High Priest of Trog.
             Killed from afar by Harold (13 damage)
             ... with a bolt of fire
             ... on level 10 of the Dungeon.
             The game lasted 01:16:08 (10883 turns).

tognito the Cleaver (Minotaur Berserker)           Turns: 10883, Time: 01:16:10

Health: -8/93      AC: 15    Str: 24      XL:     10   Next: 98%
Magic:  4/4        EV: 13    Int:  4      God:    Trog [*****.]
Gold:   488        SH:  0    Dex: 10 (11) Spells: 0 memorised, 9 levels left

rFire  + . .     SeeInvis .     a - +0 war axe
rCold  . . .     Clarity  .     y - +5 ring mail {rF+}
rNeg   . . .     SustAb   .     (no shield)
rPois  .         Gourm    .     (helmet restricted)
rElec  .         Spirit   .     J - +2 cloak
rCorr  .         Warding  .     (no gloves)
rMut   .         Rnd*Tele +     (no boots)
MR     .....                    (no amulet)
Stlth  +.........               w - ring of flight
                                k - ring of teleportation

@: not resistant to hostile enchantments, very unstealthy
A: retaliatory headbutt, horns 2
a: Burn Spellbooks, Berserk, Trog's Hand, Brothers in Arms, Renounce Religion,
Evoke Flight, Evoke Teleportation


You were on level 10 of the Dungeon.
You worshipped Trog.
Trog was extremely pleased with you.
You were not hungry.

You visited 1 branch of the dungeon, and saw 10 of its levels.

You collected 488 gold pieces.

Inventory:

Hand weapons
 a - a +0 war axe (weapon)
 b - a +3 hunting sling of flaming
 p - a +0 shortbow
Missiles
 g - 5 bolts of penetration
 i - 102 arrows
 u - 12 bolts
 x - 5 poisoned arrows
 B - 5 sling bullets
 I - 3 poisoned sling bullets
Armour
 y - a +5 ring mail of fire resistance (worn)
 z - a +2 cloak
 J - a +2 cloak (worn)
Jewellery
 k - a ring of teleportation (left hand)
 w - a ring of flight (right hand)
Magical devices
 j - a wand of digging (13)
 t - a wand of frost (14)
 A - a wand of flame (24)
 G - a wand of flame (20)
 H - a wand of lightning (12)
Scrolls
 d - 2 scrolls of enchant weapon
 e - a scroll of torment {unknown}
 f - 5 scrolls of remove curse
 h - 6 scrolls of identify
 q - 2 scrolls of recharging
 D - a scroll of magic mapping
Potions
 n - 5 potions of restore abilities
 C - a potion of haste
Comestibles
 c - 8 bread rations
 l - 5 chunks of flesh
 o - 4 fruits
 r - 7 beef jerkies
 s - 3 meat rations
 F - a slice of pizza


   Skills:
 * Level 10.0 Fighting
 * Level 11.2 Axes
 + Level 8.9 Slings
 + Level 0.2(5.0) Throwing
 + Level 7.6 Armour
 + Level 7.0 Dodging
 + Level 1.4 Stealth


You had 9 spell levels left.
You didn't know any spells.

Dungeon Overview and Level Annotations

Branches:
Dungeon (10/15)            Temple (0/1) D:7
   Lair: D:8-11         Orc: D:9-12

Altars:
Cheibriados
Fedhas
Kikubaaqudgha
Nemelex Xobeh
Sif Muna
Vehumet
Yredelemnul
Zin

Shops:
D:4 ?

Annotations:
D:10 Harold


Innate Abilities, Weirdness & Mutations

You reflexively headbutt those who attack you in melee.
You have a pair of horns on your head.


Message History

Eat one of 6 chunks of flesh? (ye/n/q/i?) This raw flesh tastes terrible.
You continue eating. x2
Harold shouts!
Harold zaps a wand.
You easily resist.
It is a wand of enslavement.
You see here a stone.
Things that are here:
a short sword; 3 stones; a short sword You start resting.
Harold hits you with a battleaxe!
* * * LOW HITPOINT WARNING * * *
You see here a stone.
You hit Harold.
Harold is lightly wounded.
You hit Harold.
Harold is lightly wounded.
Harold says, "My wife will appreciate not having to wash blood out of my clothes anymore."
Harold points at you and mumbles some strange words.
The bolt of fire hits you! You resist.
You die...

##.... # #####.....
...####(.......
............#.#
...#$.....###.#
...........##..####
...#.....(#......#
.........()#).....#
.......###@......#
..###.. #@#(....# .
#....(.#...(.#
..............#
#.............# ...
..............#
........
.............#
........#
............#
........##
.....#######


You could see Harold.

Vanquished Creatures
  The ghost of musteatbrain the Cleaver, an experienced DsFi of Qazlal (D:10)
  A hill giant (D:8)
  A two-headed ogre (D:10)
  Prince Ribbit (D:5)
  2 trolls
  4 yaks (D:9)
  4 humans (D:7)
  A hungry ghost (D:9)
  Edmund (D:6)
  A black bear (D:7)
  A sky beast (D:9)
  5 orc warriors
  4 ogres
  3 centaurs (D:7)
  2 phantoms
  5 big kobolds
  6 giant frogs
  Duvessa (D:6)
  The ghost of Kharon the Magician, an average DEFE (D:3)
  The ghost of Kharon the Magician, an average DEFE (D:4)
  A gnoll sergeant (D:9)
  4 scorpions
  A water moccasin skeleton (D:6)
  Dowan (D:6)
  3 goliath beetles
  3 jellies
  3 hounds
  A quasit (D:9)
  A centaur zombie (D:6)
  A crimson imp (D:8)
  2 giant frog skeletons
  Crazy Yiuf (D:5)
  3 orc priests
  A centaur skeleton (D:5)
  4 iguanas
  13 orc wizards
  7 worker ants
  Ijyb (D:3)
  Jessica (D:3)
  3 hound skeletons
  A worker ant zombie (D:5)
  13 gnolls
  A shadow imp (D:6)
  12 adders
  3 giant mites
  3 worms
  An adder skeleton (D:8)
  5 giant geckos
  3 oozes
  35 orcs
  12 bats
  A bat skeleton (D:4)
  A giant cockroach (D:3)
  2 gnoll zombies (D:8)
  11 goblins
  11 hobgoblins
  17 jackals
  3 quokkas
  A ball python (D:3)
  5 giant newts
  31 kobolds
  A quokka skeleton (D:6)
  12 rats
286 creatures vanquished.

Notes
Turn   | Place    | Note
--------------------------------------------------------------
     0 | D:1      | tognito, the Minotaur Berserker, began the quest for the Orb.
     0 | D:1      | Reached XP level 1. HP: 19/19 MP: 1/1
    80 | D:1      | Reached skill level 4 in Axes
   220 | D:1      | Reached XP level 2. HP: 20/27 MP: 1/1
   610 | D:1      | Acquired Trog's second power
   685 | D:1      | Reached XP level 3. HP: 33/33 MP: 2/2
  1477 | D:2      | Found a blossoming altar of Fedhas.
  1865 | D:2      | Found a glowing silver altar of Zin.
  1921 | D:3      | Reached skill level 5 in Axes
  1921 | D:3      | Reached XP level 4. HP: 41/41 MP: 2/2
  2054 | D:3      | Noticed Jessica
  2062 | D:3      | Killed Jessica
  2062 | D:3      | Reached skill level 5 in Fighting
  2069 | D:3      | Reached XP level 5. HP: 42/48 MP: 2/2
  2167 | D:3      | Noticed Ijyb
  2173 | D:3      | Killed Ijyb
  2208 | D:3      | Noticed Kharon's ghost (average DEFE)
  2217 | D:3      | Killed Kharon's ghost
  2217 | D:3      | Reached skill level 1 in Slings
  2457 | D:3      | Reached XP level 6. HP: 56/56 MP: 3/3
  2858 | D:3      | Found a snail-covered altar of Cheibriados.
  3049 | D:4      | Reached skill level 6 in Axes
  3145 | D:4      | Noticed Kharon's ghost (average DEFE)
  3152 | D:4      | Killed Kharon's ghost
  3351 | D:4      | Found Gaaf Asutt's Magic Scroll Shop.
  3802 | D:4      | Reached XP level 7. HP: 50/62 MP: 3/3
  3897 | D:4      | Found a deep blue altar of Sif Muna.
  3972 | D:5      | Entered Level 5 of the Dungeon
  3976 | D:5      | Noticed Crazy Yiuf
  3987 | D:5      | Killed Crazy Yiuf
  4499 | D:5      | Received a gift from Trog
  4766 | D:5      | Noticed Prince Ribbit
  4827 | D:5      | Killed Prince Ribbit
  4827 | D:5      | Reached skill level 7 in Axes
  5112 | D:5      | Found an ancient bone altar of Kikubaaqudgha.
  5287 | D:5      | Reached XP level 8. HP: 69/71 MP: 3/3
  5401 | D:5      | Acquired Trog's third power
  5500 | D:6      | Received a gift from Trog
  5533 | D:6      | Noticed Dowan
  5535 | D:6      | Noticed Duvessa
  5553 | D:6      | Killed Duvessa
  5553 | D:6      | Reached skill level 5 in Armour
  5562 | D:6      | Killed Dowan
  5682 | D:6      | Reached skill level 5 in Slings
  5786 | D:6      | Found a sparkling altar of Nemelex Xobeh.
  5917 | D:6      | Noticed Edmund
  5929 | D:6      | Killed Edmund
  5929 | D:6      | Reached skill level 8 in Axes
  6219 | D:7      | Reached XP level 9. HP: 76/79 MP: 4/4
  6233 | D:7      | Found a staircase to the Ecumenical Temple.
  7279 | D:7      | Reached skill level 9 in Axes
  7279 | D:7      | Reached skill level 5 in Dodging
  7520 | D:7      | Found a deep blue altar of Sif Muna.
  7617 | D:7      | Received a gift from Trog
  8061 | D:8      | Noticed a hill giant
  8076 | D:8      | Killed a hill giant
  8076 | D:8      | Reached XP level 10. HP: 24/91 MP: 4/4
  8216 | D:8      | Found a radiant altar of Vehumet.
  8676 | D:8      | Reached skill level 1 in Stealth
  8720 | D:8      | Reached skill level 10 in Axes
  9295 | D:8      | Found a basalt altar of Yredelemnul.
  9634 | D:9      | Received a gift from Trog
 10749 | D:10     | Entered Level 10 of the Dungeon
 10749 | D:10     | Noticed musteatbrain's ghost (experienced DsFi)
 10781 | D:10     | Killed musteatbrain's ghost
 10781 | D:10     | Reached skill level 11 in Axes
 10835 | D:10     | Reached skill level 10 in Fighting
 10874 | D:10     | Noticed Harold
 10883 | D:10     | Killed from afar by Harold

Action                   |  1- 3 |  4- 6 |  7- 9 | 10-12 || total
-------------------------+-------+-------+-------+-------++-------
Melee: Hand axe          |    84 |    90 |   322 |   102 ||   598
       War axe           |       |       |       |    82 ||    82
 Fire: Hunting sling     |     8 |    74 |   177 |    84 ||   343
       Shortbow          |       |       |     1 |       ||     1
Throw: Javelin           |     5 |       |       |       ||     5
Invok: Berserk           |       |       |     3 |     4 ||     7
  Use: Potion            |     4 |     5 |     2 |     4 ||    15
       Scroll            |       |     9 |     4 |     7 ||    20
  Eat: Chunk             |     3 |     6 |    17 |    12 ||    38
       Pizza             |       |       |       |     1 ||     1
